 Dungeon Crawl Stone Soup version 0.18.1-48-g4cf74bf (webtiles) character file.

78 mindo the Magician (level 4, -2/24 HPs)
             Began as a Deep Elf Wizard on June 29, 2016.
             Slain by a phantom (8 damage)
             ... on level 4 of the Dungeon on July 2, 2016.
             The game lasted 00:20:45 (2348 turns).

mindo the Magician (Deep Elf Wizard)                Turns: 2348, Time: 00:20:45

Health: -2/24      AC:  2    Str:  4    XL:     4   Next: 15%
Magic:  0/13       EV: 12    Int: 24    God:
Gold:   118        SH:  0    Dex: 13    Spells: 3 memorised, 9 levels left

rFire  . . .     SeeInvis .     (no weapon)
rCold  . . .     Gourm    .     a - +0 robe
rNeg   . . .     Faith    .     (no shield)
rPois  .         Spirit   .     b - +0 hat
rElec  .         Dismiss  .     (no cloak)
rCorr  .         Reflect  .     (no gloves)
SustAt .         Harm     .     (no boots)
MR     .....                    (no amulet)
Stlth  ++........               (no ring)
                                (no ring)

@: not resistant to hostile enchantments, unstealthy
A: no striking features
a: no special abilities


You were on level 4 of the Dungeon.
You were not hungry.

You visited 1 branch of the dungeon, and saw 6 of its levels.

You collected 118 gold pieces.

Inventory:

Armour
 a - a +0 robe (worn)
 b - a +0 hat (worn)
 v - the +1 leather armour "Loanolid" {+Inv Str+3 Int+9, unknown}
   (You found it on level 4 of the Dungeon)

   It affects your strength (+3).
   It affects your intelligence (+9).
   It lets you turn invisible.
Jewellery
 l - a cursed amulet of inaccuracy {unknown}
 t - a +2 ring of dexterity {unknown}
Scrolls
 f - 3 scrolls of identify {unknown}
 g - a scroll of remove curse {unknown}
 h - a scroll of noise {unknown}
 j - 2 scrolls of magic mapping {unknown}
 n - 3 scrolls of enchant armour {unknown}
 o - a scroll of immolation {unknown}
 q - 2 scrolls of enchant weapon {unknown}
 s - 2 scrolls of amnesia {unknown}
Potions
 e - a potion of lignification {unknown}
 i - a potion of haste {unknown}
 k - 3 potions of agility {unknown}
 m - a potion of curing {unknown}
 p - 2 potions of ambrosia {unknown}
 r - a potion of flight {unknown}
 u - a potion of heal wounds {unknown}
Books
 c - a book of Minor Magic

   Spells                             Type                      Level
   a - Magic Dart                     Conjuration                  1
   b - Blink                          Translocation                2
   c - Call Imp                       Summoning                    2
   d - Repel Missiles                 Charms/Air                   2
   e - Slow                           Hexes                        2
   f - Conjure Flame                  Conjuration/Fire             3
   g - Mephitic Cloud                 Conjuration/Poison/Air       3
Comestibles
 d - a bread ration
 w - 4 fruits


   Skills:
 - Level 2.4 Dodging
 + Level 2.5 Stealth
 * Level 5.9 Spellcasting
 + Level 3.0 Conjurations
 - Level 1.1 Summonings
 - Level 1.1 Translocations


You had 9 spell levels left.
You knew the following spells:

 Your Spells              Type           Power        Failure   Level  Hunger
a - Magic Dart            Conj           ###.         1%          1    None
b - Blink                 Tloc           N/A          10%         2    None
c - Call Imp              Summ           ##......     10%         2    None


Dungeon Overview and Level Annotations

Branches:
Dungeon (6/15)
 Temple: D:4-7

Altars:
Okawaru
Qazlal
Sif Muna

Annotations:
D:4 Rationalist's ghost, amateur FoFi
D:5 daning's ghost, amateur HESk


Message History

Casting: Call Imp
Confirm with . or Enter, or press ? or * to list all spells.
You blink.
Your crimson imp blinks!
Your white imp gestures at the phantom.
The puff of frost hits the phantom.
The phantom completely resists.
Your white imp disappears in a puff of smoke!
Your crimson imp blinks!
Casting: Blink
Confirm with . or Enter, or press ? or * to list all spells.
You blink.
Rationalist's ghost turns its malevolent gaze towards you.
Your crimson imp hits the phantom.
Casting: Blink
Confirm with . or Enter, or press ? or * to list all spells.
You don't have enough magic to cast that spell.
Your crimson imp closely misses the phantom.
Your crimson imp disappears in a puff of smoke!
The phantom hits you!
You die...

##########
#........
..##.#.....######.
...$....@......W..
#....##..W.###.###
#...''..ยง..(#
#...##......#
#...........#
#....#....#.# #
#.##.####.# #....#
#.# #.#.## #.#


You could see a phantom and Rationalist's ghost.

Vanquished Creatures
  3 adders (D:2)
  2 giant geckos
  A giant cockroach (D:1)
  7 goblins
  A hobgoblin (D:2)
  2 jackals (D:2)
  A bat (D:1)
  A giant newt (D:2)
  A kobold (D:1)
  3 rats
22 creatures vanquished.

Vanquished Creatures (collateral kills)
  2 gnolls
  An adder (D:2)
  An ooze (D:2)
  A worm (D:2)
  A dart slug (D:1)
  A giant gecko (D:2)
  An orc (D:3)
  2 jackals (D:2)
  A ball python (D:3)
  A rat (D:1)
12 creatures vanquished.

Grand Total: 34 creatures vanquished

Notes
Turn   | Place    | Note
--------------------------------------------------------------
     0 | D:1      | mindo the Deep Elf Wizard began the quest for the Orb.
     0 | D:1      | Reached XP level 1. HP: 10/10 MP: 7/7
   755 | D:1      | Reached XP level 2. HP: 11/15 MP: 6/9
   784 | D:1      | Learned a level 2 spell: Blink
   787 | D:1      | Learned a level 2 spell: Call Imp
   821 | D:1      | Reached skill level 5 in Spellcasting
  1092 | D:2      | Reached XP level 3. HP: 19/19 MP: 8/11
  1644 | D:2      | Reached XP level 4. HP: 24/24 MP: 6/13
  1669 | D:2      | Found an iron altar of Okawaru.
  1669 | D:2      | Found a stormy altar of Qazlal.
  1915 | D:3      | You fall through a shaft for 3 floors!
  1924 | D:6      | Noticed a giant frog
  2011 | D:5      | Entered Level 5 of the Dungeon
  2017 | D:5      | Found a deep blue altar of Sif Muna.
  2108 | D:5      | Noticed daning's ghost (amateur HESk)
  2241 | D:4      | Got a shimmering leather armour
  2248 | D:4      | Noticed a phantom
  2305 | D:4      | Noticed Rationalist's ghost (amateur FoFi)
  2348 | D:4      | Slain by a phantom

Skill      XL: |  1  2  3  4 |
---------------+-------------+-----
Spellcasting   | 5 |  5.9
Conjurations   | 2 3 |  3.0
Dodging        | |  2.4
Stealth        | |  2.5
Summonings     | |  1.1
Translocations | |  1.1

Action                   |  1- 3 |  4- 6 || total
-------------------------+-------+-------++-------
 Cast: Magic Dart        |    50 |     4 ||    54
       Call Imp          |    13 |    19 ||    32
       Blink             |       |     6 ||     6
  Use: Potion            |       |     2 ||     2
  Eat: Bread ration      |     1 |       ||     1
Armor: Robe              |     3 |     2 ||     5
Dodge: Dodged            |    10 |     9 ||    19
